 Dungeon Sprint DCSS version 0.28-a0-1616-g050a50673c (webtiles) character file.

Game seed: 9258316658905555085

459523 mhtbhm the Merfolkian Porcupine (level 20, -2/197 HPs)
             Began as a Merfolk Berserker on Jan 22, 2022.
             Was the Champion of Trog.
             Slain by Mnoleg (6 damage)
             ... in the Dungeon (Sprint IX: "|||||||||||||||||||||||||||||").
             The game lasted 00:34:16 (15006 turns).

mhtbhm the Merfolkian Porcupine (MfBe)             Turns: 15006, Time: 00:34:17

Health: -2/197     AC: 45    Str: 29 (30) XL:     20   Next: 96%
Magic:  20/20      EV: 20    Int: 10      God:    Trog [******]
Gold:   194        SH: 31    Dex: 17      Spells: 19/19 levels left

rFire   + . .      SeeInvis +   w - +9 double sword (holy)
rCold   + + +      Faith    .   K - +0 tower shield {rN+}
rNeg    + + +      Spirit   .   b - +9 gold dragon scales
rPois   +          Reflect  +   k - +0 helmet {SInv}
rElec   +          Harm     .   S - +0 cloak {rCorr}
rCorr   +          Rampage  .   Q - +0 pair of gloves "Piehezxov" {Str+7}
Will    ++...      NoTele   +   J - +1 pair of boots
Stlth   +.........              y - amulet of reflection
HPRegen 0.42/turn               P - ring of Baqokust {rF+ rC+ Int+6}
MPRegen 0.17/turn               x - ring of the Spinneret {Ice rPois rN+++ Int-5 Dex+3}

@: lethally poisoned (-2 -> -26), on berserk cooldown, attractive, hasted and
slowed, unable to read
A: (nimble swimmer 2), mertail, deterioration 1, strong-willed 1, poison
resistance, electricity resistance, inability to read while threatened
}: 9/17 runes: decaying, serpentine, barnacled, slimy, elven, silver, golden,
abyssal, gossamer
a: Renounce Religion, Berserk, Trog's Hand, Brothers in Arms


You were in the Dungeon.
You worshipped Trog.
Trog was exalted by your worship.
You visited 1 branch You collected 1960 gold pieces.
You spent 1766 gold pieces at shops.

Inventory:

Hand Weapons
 a - a +3 bardiche of flaming
 w - a +9 double sword of holy wrath (weapon)
 D - a +1 demon trident of venom
 N - a +2 vampiric demon trident
Missiles
 F - 2 silver javelins (quivered)
 M - 3 javelins
Armour
 b - +9 gold dragon scales (worn)
 k - a +0 helmet of see invisible (worn)
 t - the +0 hat of Yssod {Will+ MP+9}
   (You found it in the Dungeon)

   MP:        It affects your magic capacity (+9).
   Will:      It increases your willpower.
 C - a +1 kite shield of cold resistance
 J - a +1 pair of boots (worn)
 K - a +0 tower shield of positive energy (worn)
 Q - the +0 pair of gloves "Piehezxov" (worn) {Str+7}
   (You found it in the Dungeon)

   Str:       It affects your strength (+7).
 R - the +0 hat of Precision Catastrophes {rElec Dex+5}
   (You found it in the Dungeon)

   Dex:       It affects your dexterity (+5).
   rElec:     It insulates you from electricity.
 S - a +0 cloak of preservation (worn)
Jewellery
 l - the ring "Uzuonir" {Fly rElec rPois rC+ Int-2}
   (You found it in the Dungeon)

   [ring of protection from cold]

   Int:       It affects your intelligence (-2).
   rC:        It protects you from cold.
   rElec:     It insulates you from electricity.
   rPois:     It protects you from poison.
   Fly:       It grants you flight.
 n - a ring of fire
 p - the ring "Cishoyst" {Will+ Int+5 Stlth+}
   (You found it in the Dungeon)

   [ring of willpower]

   Int:       It affects your intelligence (+5).
   Will:      It increases your willpower.
   Stlth:     It makes you more stealthy.
 v - the ring "Xiebi" {rC+ Dex+3}
   (You found it in the Dungeon)

   [ring of protection from cold]

   Dex:       It affects your dexterity (+3).
   rC:        It protects you from cold.
 x - the ring of the Spinneret (right hand) {Ice rPois rN+++ Int-5 Dex+3}
   (You bought it in a shop in the Dungeon)

   [ring of ice]

   It enhances your ice magic.
   Int:       It affects your intelligence (-5).
   Dex:       It affects your dexterity (+3).
   rF:        It makes you vulnerable to fire.
   rC:        It protects you from cold.
   rPois:     It protects you from poison.
   rN:        It renders you almost immune to negative energy.
 y - an amulet of reflection (around neck)
 E - a +6 ring of strength
 G - the amulet of Vipnuef {Regen+ Str+6}
   (You found it in the Dungeon)

   [amulet of regeneration]

   Str:       It affects your strength (+6).
   Regen:     It increases your rate of health regeneration.
 H - the amulet "Tibb" {Fly Regen+}
   (You found it in the Dungeon)

   [amulet of regeneration]

   Fly:       It grants you flight.
   Regen:     It increases your rate of health regeneration.
 I - the ring of Visaamm {Will+ rCorr Int+3 Dex+6 Stlth-}
   (You found it in the Dungeon)

   [ring of intelligence]

   Int:       It affects your intelligence (+3).
   Dex:       It affects your dexterity (+6).
   rCorr:     It protects you from acid and corrosion.
   Will:      It increases your willpower.
   Stlth:     It makes you less stealthy.
 P - the ring of Baqokust (left hand) {rF+ rC+ Int+6}
   (You found it in the Dungeon)

   [ring of protection from cold]

   Int:       It affects your intelligence (+6).
   rF:        It protects you from fire.
   rC:        It protects you from cold.
Wands
 j - a wand of iceblast (11)
 L - a wand of charming (4)
Scrolls
 m - 5 scrolls of fog
 q - 6 scrolls of identify
 z - 5 scrolls of fear
 B - a scroll of immolation
Potions
 c - 10 potions of curing
 d - 4 potions of heal wounds
 e - 3 potions of haste
 f - 9 potions of magic
 g - 5 potions of berserk rage
 i - 2 potions of invisibility
 o - 6 potions of might
 u - a potion of attraction
Miscellaneous
 r - the horn of Geryon


   Skills:
 O Level 27 Fighting
 + Level 1.3(19.5) Short Blades
 O Level 27 Long Blades
 + Level 0.7(11.1) Axes
 + Level 0.8(1.2) Maces & Flails
 O Level 27 Polearms
 + Level 0.8(11.1) Staves
 + Level 0.9(15.4) Slings
 + Level 1.0 Bows
 + Level 0.9 Crossbows
 O Level 27 Throwing
 O Level 27 Armour
 O Level 27 Dodging
 * Level 21.8 Stealth
 O Level 27 Shields
 + Level 0.6 Unarmed Combat
 + Level 0.6 Invocations
 O Level 27 Evocations


You had 19 spell levels left.
You didn't know any spells.
Your spell library was empty.

Dungeon Overview and Level Annotations

Branches:
Dungeon (1/1)

Altars:
Cheibriados
Dithmenos
Elyvilon
Fedhas
Gozag
Hepliaklqana
Kikubaaqudgha
Makhleb
Nemelex Xobeh
Okawaru
Qazlal
Ru
Sif Muna
Trog
Uskayaw
Vehumet
Wu Jian
Xom
Yredelemnul
Zin
The Shining One
Beogh
Jiyva
Lugonu

Shops:
D ?==!

Annotations:
D Gloorx Vloq, Mnoleg


Innate Abilities, Weirdness & Mutations

((You are very nimble when in or above water. (Stealth+, EV+, Speed+++)))
Your lower body shifts to a powerful aquatic tail in water.
Your body sometimes deteriorates upon taking damage.
You are strong-willed. (Will+)
Your system is resistant to poisons. (rPois)
You are resistant to electric shocks. (rElec)
You sometimes lose the ability to read scrolls when taking damage.


Message History

Your body is wracked with pain!
* * * LOW HITPOINT WARNING * * *
The Executioner gestures.
The Executioner seems to speed up.
You block Mnoleg's attack. x2
Mnoleg completely misses you. Mnoleg kicks you but does no damage.
You slice Mnoleg!!
Mnoleg convulses!
Mnoleg is lightly wounded.
You are engulfed in dark miasma.
You feel as though you will be slow longer.
* * * LOW HITPOINT WARNING * * *
You feel less vulnerable to fire.
* * * LOW HITPOINT WARNING * * *
You feel extremely sick.
Gloorx Vloq gestures.
You block Mnoleg's attack. x2; Mnoleg barely misses you.
You block Mnoleg's attack.
Gloorx Vloq gestures.
You miss Mnoleg.
Mnoleg is lightly wounded.
* * * LOW HITPOINT WARNING * * *
You feel extremely sick.
Mnoleg gestures.
Gloorx Vloq moans, "Thy skull shall be my repast!"
Gloorx Vloq gestures.
Mnoleg gestures.
Unknown command.
Unknown command.
You cannot read scrolls in your current state!
Unknown command.
You feel yourself speed up.
* * * LOW HITPOINT WARNING * * *
You feel extremely sick.
Gloorx Vloq calls on the powers of darkness!
You feel a surge of unholy energy. Gloorx Vloq gestures at you.
The foul vapour engulfs Mnoleg.
Mnoleg completely resists.
Mnoleg gestures.
The Executioner gestures.
The Executioner seems to speed up.
The large abomination closely misses you.
Mnoleg claws you.
You die...

)▓.▓.▓.▓.▓.▓.▓.▓.▓
)▓.▓.▓.▓.▓.▓.▓.▓.▓
)▓.▓.▓.▓)▓)▓.▓.▓.▓
)▓.▓.▓.♣)♣.▓.▓.▓.▓
.▓.▓.▓.♣.♣.▓.▓.▓.▓
.▓.▓.▓.♣.♣.▓.▓.▓○▓
.▓.▓.▓.♣.♣.▓'▓.▓○▓
)▓.▓)▓.♣.♣.▓.▓.▓X▓
.▓.▓'▓.♣.♣.▓)▓.▓@▓
.▓.▓.▓.♣.♣.▓.▓.▓&▓
.▓.▓.▓.♣.♣.▓.▓.▓&▓
.▓.▓.▓.♣.♣.▓.▓.▓1▓
.▓.▓)▓.♣.♣.▓.▓.▓1▓
)▓.▓.▓.♣.♣.▓.▓.▓○▓
'▓.▓.▓.♣)♣.▓.▓.▓○▓
)▓.▓.▓.▓)▓.▓.▓.▓.▓
)▓.▓.▓.▓.▓.▓.▓.▓.▓


You could see Gloorx Vloq (fast), Mnoleg, 2 Executioners and a large abomination
(summoned).

Vanquished Creatures
  Cerebov (D)
  the Royal Jelly (D)
  Lom Lobon (D)
  3 orbs of fire (D)
  Mara (D)
  4 ancient liches (D)
  Boris (D)
  7 royal mummies (D)
  Saint Roka (D)
  A Killer Klown (D)
  Xtahua (D)
  3 golden dragons (D)
  Geryon (D)
  Nikola (D)
  A bone dragon (D)
  3 electric golems (D)
  2 liches (D)
  4 tentacled monstrosities (D)
  26 Orb Guardians (D)
  A titan (D)
  3 deep elf blademasters (D)
  10 acid blobs (D)
  3 deep elf master archers (D)
  4 death cobs (D)
  14 sphinxes (D)
  3 tengu reavers (D)
  6 shadow dragons (D)
  5 rockslimes (D)
  5 nagarajas (D)
  4 storm dragons (D)
  3 draconian monks (D)
  A fire giant (D)
  9 azure jellies (D)
  3 frost giants (D)
  3 draconian knights (D)
  Ilsuiw (D)
  A draconian shifter (D)
  3 deep elf sorcerers (D)
  2 ghost moths (D)
  5 vault wardens (D)
  4 emperor scorpions (D)
  4 ironbound preservers (D)
  12 quicksilver oozes (D)
  2 draconian stormcallers (D)
  A very ugly thing (D)
  6 stone giants (D)
  A green draconian (D)
  2 deep elf demonologists (D)
  8 vampire knights (D)
  7 black draconians (D)
  2 eleionomae (D)
  6 yellow draconians (D)
  A red draconian (D)
  A white draconian (D)
  A bunyip (D)
  2 purple draconians (D)
  4 merfolk javelineers (D)
  2 ettins (D)
  2 mummy priests (D)
  4 deep elf death magi (D)
  Snorg (D)
  6 merfolk impalers (D)
  5 fire dragons (D)
  3 yaktaur captains (D)
  2 naga warriors (D)
  A rakshasa (D)
  2 great orbs of eyes (D)
  4 ice dragons (D)
  25 vault guards (D)
  A boulder beetle (D)
  9 hydras (D)
  2 ironbound frosthearts (D)
  A merfolk aquamancer (D)
  A radroach (D)
  An alligator (D)
  A centaur warrior (D)
  3 deep troll earth magi (D)
  3 tengu warriors (D)
  A vampire mage (D)
  Urug (D)
  A naga sharpshooter (D)
  A large abomination (D)
  A wretched star (D)
  A sea snake (shapeshifter) (D)
  A salamander mystic (D)
  A flayed ghost (D)
  An orb spider (D)
  A glowing orange brain (D)
  A steelbarb worm (D)
  3 wizards (D)
  A bog body (D)
  5 swamp dragons (D)
  A harpy (D)
  An orc knight (D)
  2 ironbound convokers (D)
  2 ugly things (D)
  A necromancer (D)
  4 wolf spiders (D)
  5 orc sorcerers (D)
  2 will-o-the-wisps (D)
  13 moths of wrath (D)
  Joseph (D)
  A torpor snail (shapeshifter) (D)
  2 guardian serpents (D)
  2 naga magi (D)
  6 black mambas (D)
  3 vault sentinels (D)
  A hellion (D)
  2 cane toads (D)
  2 demonic crawlers (D)
  2 freezing wraiths (D)
  A rime drake (D)
  A komodo dragon (D)
  A wandering mushroom (D)
  5 polar bears (D)
  4 merfolk (D)
  19 guardian mummies (D)
  A troll (D)
  A meliai (D)
  A tarantella (shapeshifter) (D)
  A slime creature (D)
  A hornet (D)
  A blink frog (D)
  2 snapping turtles (D)
  2 jumping spiders (D)
  3 yaks (D)
  11 spriggans (D)
  A ynoxinul (D)
  A fire bat (D)
  2 golden eyes (D)
  A vampire mosquito (D)
  2 redbacks (D)
  2 neqoxecs (D)
  4 nagas (D)
  An acid dragon (D)
  A small abomination (D)
  4 water moccasins (D)
  9 orc warriors (D)
  5 black bears (D)
  3 bullfrogs (D)
  2 scorpions (D)
  A killer bee (D)
  An orc priest (D)
  An iron imp (D)
  16 orc wizards (D)
  An iguana (D)
  An adder skeleton (D)
  11 orcs (D)
  A bat (D)
  A bat skeleton (D)
  2 bat zombies (D)
  A hobgoblin (D)
  A jackal (D)
  A ball python (D)
  A ball python zombie (D)
  A bat simulacrum (D)
  A frilled lizard (D)
  A quokka skeleton (D)
  A block of ice (D)
505 creatures vanquished.

Vanquished Creatures (collateral kills)
  A lich (D)
  An acid blob (D)
  An azure jelly (D)
  A white draconian (D)
  An ettin (D)
  A great orb of eyes (D)
  2 hydras (D)
  A centaur warrior (D)
  An alligator snapping turtle (D)
  2 merfolk aquamancers (D)
  A tengu warrior (D)
  An ironbound convoker (D)
  An orc knight (D)
  An ugly thing (D)
  A manticore (D)
  A moth of wrath (D)
  An efreet (D)
  A meliai (D)
20 creatures vanquished.

Vanquished Creatures (others)
  A ghost moth (D)
  A draconian stormcaller (D)
  A wizard (D)
  11 ball lightnings (D)
14 creatures vanquished.

Grand Total: 539 creatures vanquished

Notes
Turn   | Place    | Note
-------+----------+-------------------------------------------
     0 | D        | mhtbhm the Merfolk Berserker began the quest for the Orb.
     0 | D        | Reached XP level 1. HP: 18/18 MP: 1/1
     9 | D        | Reached skill level 5 in Polearms
    11 | D        | Reached ** piety under Trog
    59 | D        | Noticed an iguana
    59 | D        | Noticed a scorpion
    59 | D        | Noticed a scorpion
    62 | D        | Reached XP level 2. HP: 25/25 MP: 2/2
    63 | D        | Reached *** piety under Trog
    66 | D        | Reached skill level 5 in Fighting
    66 | D        | Reached XP level 3. HP: 33/33 MP: 3/3
    75 | D        | Killed a scorpion
    76 | D        | Reached skill level 5 in Dodging
    76 | D        | Reached XP level 4. HP: 41/41 MP: 4/4
   123 | D        | Killed a scorpion
   124 | D        | Reached skill level 10 in Polearms
   124 | D        | Reached XP level 5. HP: 48/48 MP: 5/5
   130 | D        | Found a snail-covered altar of Cheibriados.
   130 | D        | Found a shadowy altar of Dithmenos.
   130 | D        | Found a white marble altar of Elyvilon.
   130 | D        | Found a blossoming altar of Fedhas.
   130 | D        | Found an opulent altar of Gozag.
   131 | D        | Found a hazy altar of Hepliaklqana.
   132 | D        | Found a viscous altar of Jiyva.
   133 | D        | Found an ancient bone altar of Kikubaaqudgha.
   134 | D        | Found a corrupted altar of Lugonu.
   135 | D        | Found a burning altar of Makhleb.
   136 | D        | Found a sparkling altar of Nemelex Xobeh.
   137 | D        | Found an iron altar of Okawaru.
   138 | D        | Found a stormy altar of Qazlal.
   139 | D        | Found a sacrificial altar of Ru.
   140 | D        | Found a shimmering blue altar of Sif Muna.
   141 | D        | Found a bloodstained altar of Trog.
   142 | D        | Found a hide-covered altar of Uskayaw.
   143 | D        | Found a radiant altar of Vehumet.
   144 | D        | Found an ornate altar of the Wu Jian Council.
   145 | D        | Found a shimmering altar of Xom.
   146 | D        | Found a basalt altar of Yredelemnul.
   147 | D        | Found a glowing silver altar of Zin.
   148 | D        | Found a glowing golden altar of the Shining One.
   226 | D        | Noticed a yak
   226 | D        | Noticed a hornet
   230 | D        | Killed a yak
   231 | D        | Reached XP level 6. HP: 58/58 MP: 6/6
   234 | D        | Reached **** piety under Trog
   237 | D        | Killed a hornet
   238 | D        | Reached skill level 10 in Fighting
   238 | D        | Reached XP level 7. HP: 67/67 MP: 7/7
   428 | D        | Noticed a troll
   428 | D        | Noticed a five-headed hydra
   428 | D        | Noticed a vampire mosquito
   428 | D        | Noticed a centaur warrior
   428 | D        | Noticed a tengu warrior
   428 | D        | Noticed a meliai
   442 | D        | Killed a 13-headed hydra
   442 | D        | Reached ***** piety under Trog
   443 | D        | Reached skill level 5 in Armour
   443 | D        | Reached XP level 8. HP: 55/76 MP: 8/8
   445 | D        | Killed a troll
   460 | D        | Killed a centaur warrior
   461 | D        | Reached skill level 10 in Dodging
   461 | D        | Reached XP level 9. HP: 19/85 MP: 9/9
   462 | D        | Killed a tengu warrior
   464 | D        | Killed a meliai
   801 | D        | Got the ring "Cishoyst" {Will+ Int+5 Stlth+}
   817 | D        | Noticed a komodo dragon
   817 | D        | Noticed a cane toad
   825 | D        | Killed a komodo dragon
   828 | D        | Killed a cane toad
   829 | D        | Reached XP level 10. HP: 95/95 MP: 10/10
   840 | D        | Received a gift from Trog
   847 | D        | Reached skill level 15 in Fighting
   879 | D        | Noticed a black mamba
   879 | D        | Noticed a cane toad
   883 | D        | Noticed a six-headed hydra
   886 | D        | Killed a black mamba
   889 | D        | Killed a cane toad
   891 | D        | Reached skill level 1 in Stealth
   897 | D        | Reached ****** piety under Trog
   904 | D        | Killed a ten-headed hydra
   918 | D        | Received a gift from Trog
  1197 | D        | Reached XP level 11. HP: 104/104 MP: 11/11
  1321 | D        | Noticed Urug
  1322 | D        | Noticed Joseph
  1328 | D        | Killed Urug
  1328 | D        | Received a gift from Trog
  1331 | D        | Killed Joseph
  1441 | D        | Received a gift from Trog
  1601 | D        | Received a gift from Trog
  1604 | D        | Noticed an orc knight
  1617 | D        | Noticed an orc knight
  1620 | D        | Killed an orc knight
  1620 | D        | Received a gift from Trog
  1629 | D        | Killed an orc knight
  1875 | D        | Found Numytar's Magic Scroll Emporium.
  1875 | D        | Noticed an orc sorcerer
  1875 | D        | Noticed an orc sorcerer
  1878 | D        | Killed an orc sorcerer
  1878 | D        | Identified the +7 halberd of Destruction {flame, rPois
                  | Stlth+} (Trog gifted it to you in the Dungeon)
  1878 | D        | Received a gift from Trog
  1882 | D        | Killed an orc sorcerer
  1883 | D        | Found Vuubokor's Jewellery Shoppe.
  1887 | D        | Found Okauprien's Jewellery Emporium.
  1890 | D        | Received a gift from Trog
  1893 | D        | Noticed an orc sorcerer
  1898 | D        | Found Riroig's Distillery.
  1903 | D        | Killed an orc sorcerer
  1903 | D        | Noticed an orc sorcerer
  1904 | D        | Received a gift from Trog
  1908 | D        | Noticed an orc sorcerer
  1913 | D        | Killed an orc sorcerer
  1915 | D        | Killed an orc sorcerer
  2289 | D        | Bought the ring of the Spinneret {Ice rPois rN+++ Int-5
                  | Dex+3} for 583 gold pieces
  2289 | D        | Bought an amulet of reflection for 330 gold pieces
  2293 | D        | Bought a scroll of blinking for 75 gold pieces
  2293 | D        | Bought a scroll of fear for 35 gold pieces
  2293 | D        | Bought a scroll of enchant armour for 75 gold pieces
  2293 | D        | Bought a scroll of fog for 20 gold pieces
  2293 | D        | Bought a scroll of fear for 35 gold pieces
  2293 | D        | Bought a scroll of blinking for 75 gold pieces
  2299 | D        | Bought a potion of haste for 110 gold pieces
  2299 | D        | Bought a potion of haste for 110 gold pieces
  2299 | D        | Bought a potion of might for 44 gold pieces
  2299 | D        | Bought a potion of attraction for 33 gold pieces
  2299 | D        | Bought a potion of attraction for 33 gold pieces
  2299 | D        | Bought a potion of mutation for 88 gold pieces
  2309 | D        | Bought a scroll of identify for 20 gold pieces
  2309 | D        | Bought a scroll of identify for 20 gold pieces
  2309 | D        | Bought 3 scrolls of identify for 60 gold pieces
  2309 | D        | Bought a scroll of identify for 20 gold pieces
  2544 | D        | Got the +1 chain mail "Debri" {rElec Regen+ Dex+5 Stlth-}
  2564 | D        | Noticed a wizard
  2564 | D        | Noticed a cyan ugly thing
  2564 | D        | Noticed a green ugly thing
  2564 | D        | Noticed a wolf spider
  2564 | D        | Noticed a centaur warrior
  2566 | D        | Killed a wizard
  2566 | D        | Received a gift from Trog
  2569 | D        | Killed a cyan ugly thing
  2570 | D        | Reached XP level 12. HP: 116/116 MP: 12/12
  2571 | D        | Reached skill level 1 in Evocations
  2577 | D        | Noticed an ettin
  2580 | D        | Killed a centaur warrior
  2580 | D        | Received a gift from Trog
  2591 | D        | Killed an ettin
  2595 | D        | Noticed a frost giant
  2607 | D        | Killed a frost giant
  2690 | D        | Noticed a fire dragon
  2691 | D        | Noticed a fire giant
  2691 | D        | Noticed a tengu warrior
  2694 | D        | Received a gift from Trog
  2695 | D        | Reached skill level 27 in Polearms
  2695 | D        | Reached skill level 15 in Dodging
  2699 | D        | Killed a fire dragon
  2704 | D        | Killed a fire giant
  2705 | D        | Reached skill level 1 in Throwing
  2709 | D        | Killed a tengu warrior
  2807 | D        | Noticed Snorg
  2812 | D        | Killed Snorg
  2813 | D        | Reached skill level 10 in Armour
  2884 | D        | Noticed a naga sharpshooter
  2888 | D        | Reached skill level 1 in Shields
  2893 | D        | Received a gift from Trog
  2909 | D        | Killed a naga sharpshooter
  2912 | D        | Reached XP level 13. HP: 82/129 MP: 13/13
  2916 | D        | Received a gift from Trog
  2962 | D        | Noticed a merfolk impaler
  2968 | D        | Killed a merfolk impaler
  2989 | D        | Received a gift from Trog
  3235 | D        | Noticed an emperor scorpion
  3246 | D        | Killed a ghost moth
  3362 | D        | Killed an emperor scorpion
  3362 | D        | Received a gift from Trog
  3414 | D        | Noticed a bunyip
  3414 | D        | Noticed an eleionoma
  3418 | D        | Killed an eleionoma
  3420 | D        | Noticed a tentacled monstrosity
  3433 | D        | Received a gift from Trog
  3439 | D        | Killed a bunyip
  3449 | D        | Killed a tentacled monstrosity
  3757 | D        | Noticed Saint Roka
  3762 | D        | Received a gift from Trog
  3774 | D        | Killed Saint Roka
  3780 | D        | Reached XP level 14. HP: 114/146 MP: 14/14
  3829 | D        | Noticed a purple very ugly thing
  3829 | D        | Noticed a stone giant
  3835 | D        | Killed a purple very ugly thing
  3840 | D        | Received a gift from Trog
  3841 | D        | Reached skill level 5 in Shields
  3894 | D        | Noticed a vampire knight
  3894 | D        | Noticed a frost giant
  3901 | D        | Killed a stone giant
  3904 | D        | Killed a vampire knight
  3907 | D        | Noticed a lich
  3909 | D        | Killed a frost giant
  3911 | D        | Noticed a stone giant
  3916 | D        | Noticed a stone giant
  3921 | D        | Killed a lich
  3921 | D        | Received a gift from Trog
  3961 | D        | Killed a stone giant
  3964 | D        | Killed a stone giant
  4027 | D        | Received a gift from Trog
  4040 | D        | Reached skill level 27 in Fighting
  4075 | D        | Noticed a sphinx
  4079 | D        | Noticed an ironbound preserver
  4085 | D        | Received a gift from Trog
  4086 | D        | Noticed an ironbound preserver
  4092 | D        | Killed a sphinx
  4096 | D        | Reached skill level 15 in Armour
  4098 | D        | Noticed an ironbound preserver
  4101 | D        | Killed an ironbound preserver
  4101 | D        | Received a gift from Trog
  4106 | D        | Killed an ironbound preserver
  4108 | D        | Killed an ironbound preserver
  4110 | D        | Received a gift from Trog
  4264 | D        | Noticed a sphinx
  4268 | D        | Killed a sphinx
  4270 | D        | Received a gift from Trog
  4299 | D        | Noticed an ironbound preserver
  4311 | D        | Killed an ironbound preserver
  4312 | D        | Reached XP level 15. HP: 137/159 MP: 15/15
  4347 | D        | Received a gift from Trog
  4470 | D        | Noticed a vault warden
  4477 | D        | Killed a vault warden
  4488 | D        | Received a gift from Trog
  4540 | D        | Noticed Mara
  4557 | D        | Killed Mara
  4558 | D        | Reached skill level 10 in Shields
  4829 | D        | Noticed a nagaraja
  4829 | D        | Noticed a nagaraja
  4829 | D        | Noticed a nagaraja
  4835 | D        | Noticed a nagaraja
  4837 | D        | Killed a nagaraja
  4841 | D        | Killed a nagaraja
  4841 | D        | Received a gift from Trog
  4843 | D        | Killed a nagaraja
  4860 | D        | Killed a nagaraja
  4860 | D        | Received a gift from Trog
  4873 | D        | Noticed a nagaraja
  4884 | D        | Killed a nagaraja
  4889 | D        | Got a serpentine rune of Zot
  4926 | D        | Noticed an emperor scorpion
  4926 | D        | Noticed an emperor scorpion
  4929 | D        | Received a gift from Trog
  4933 | D        | Noticed a ghost moth
  4944 | D        | Killed an emperor scorpion
  4959 | D        | Killed an emperor scorpion
  4964 | D        | Killed a ghost moth
  4969 | D        | Reached skill level 5 in Throwing
  4971 | D        | Received a gift from Trog
  4979 | D        | Noticed an emperor scorpion
  5013 | D        | Killed an emperor scorpion
  5031 | D        | Got a gossamer rune of Zot
  5062 | D        | Received a gift from Trog
  5097 | D        | Received a gift from Trog
  5208 | D        | Got a decaying rune of Zot
  5228 | D        | Received a gift from Trog
  5229 | D        | Noticed Ilsuiw
  5231 | D        | Reached skill level 15 in Shields
  5234 | D        | Reached XP level 16. HP: 130/167 MP: 16/16
  5243 | D        | Reached skill level 5 in Stealth
  5478 | D        | Killed Ilsuiw
  5492 | D        | Received a gift from Trog
  5645 | D        | Got a barnacled rune of Zot
  5731 | D        | Noticed Nikola
  5743 | D        | Killed Nikola
  5808 | D        | Received a gift from Trog
  5862 | D        | Received a gift from Trog
  5948 | D        | Received a gift from Trog
  5979 | D        | Received a gift from Trog
  5995 | D        | Noticed a sphinx
  6011 | D        | Noticed a tengu reaver
  6013 | D        | Noticed a tengu reaver
  6016 | D        | Noticed a shadow dragon
  6019 | D        | Killed a sphinx
  6019 | D        | Received a gift from Trog
  6023 | D        | Killed a tengu reaver
  6023 | D        | Received a gift from Trog
  6029 | D        | Killed a tengu reaver
  6030 | D        | Killed a shadow dragon
  6034 | D        | Reached skill level 5 in Evocations
  6040 | D        | Identified the +4 chain mail of Niysilya {Str+3}
  6070 | D        | Identified the +9 short sword "Mujikko" {speed, rElec
                  | Int+4}
  6071 | D        | Noticed a shadow dragon
  6073 | D        | Noticed a tengu reaver
  6081 | D        | Killed a shadow dragon
  6081 | D        | Received a gift from Trog
  6097 | D        | Killed a tengu reaver
  6146 | D        | Noticed a shadow dragon
  6146 | D        | Noticed a shadow dragon
  6150 | D        | Received a gift from Trog
  6150 | D        | Noticed a shadow dragon
  6154 | D        | Reached skill level 10 in Throwing
  6156 | D        | Received a gift from Trog
  6157 | D        | Noticed a titan
  6165 | D        | Killed a shadow dragon
  6166 | D        | Reached XP level 17. HP: 174/174 MP: 17/17
  6179 | D        | Killed a titan
  6179 | D        | Received a gift from Trog
  6221 | D        | Identified the ring "Xiebi" {rC+ Dex+3}
  6226 | D        | Got a silver rune of Zot
  6261 | D        | Noticed Xtahua
  6272 | D        | Killed Xtahua
  6356 | D        | Got the ring "Uzuonir" {Fly rElec rPois rC+ Int-2}
  6358 | D        | Got the amulet of Vipnuef {Regen+ Str+6}
  6360 | D        | Got the amulet "Tibb" {Fly Regen+}
  6362 | D        | Got the ring of Visaamm {Will+ rCorr Int+3 Dex+6 Stlth-}
  6364 | D        | Got the ring of Baqokust {rF+ rC+ Int+6}
  6384 | D        | Got the +0 pair of gloves "Piehezxov" {Str+7}
  6397 | D        | Got the +0 hat of Yssod {Will+ MP+9}
  6400 | D        | Got the +0 hat of Precision Catastrophes {rElec Dex+5}
  6559 | D        | Noticed Boris
  6574 | D        | Killed Boris
  6644 | D        | Received a gift from Trog
  6652 | D        | Reached skill level 10 in Evocations
  6654 | D        | Received a gift from Trog
  6671 | D        | Noticed a bone dragon
  6686 | D        | Killed a bone dragon
  6696 | D        | Received a gift from Trog
  6817 | D        | Received a gift from Trog
  6841 | D        | Received a gift from Trog
  6842 | D        | Reached skill level 15 in Throwing
  7049 | D        | Noticed a golden dragon
  7056 | D        | Killed a golden dragon
  7056 | D        | Received a gift from Trog
  7148 | D        | Noticed a death cob
  7152 | D        | Killed a death cob
  7154 | D        | Received a gift from Trog
  7443 | D        | Noticed a tentacled monstrosity
  7448 | D        | Received a gift from Trog
  7449 | D        | Reached XP level 18. HP: 170/182 MP: 18/18
  7455 | D        | Killed a tentacled monstrosity
  7804 | D        | Noticed an Orb Guardian
  7804 | D        | Noticed an Orb Guardian
  7804 | D        | Noticed an Orb Guardian
  7804 | D        | Noticed an Orb Guardian
  7804 | D        | Noticed an Orb Guardian
  7804 | D        | Noticed an Orb Guardian
  7805 | D        | Killed an Orb Guardian
  7806 | D        | Noticed an Orb Guardian
  7807 | D        | Killed an Orb Guardian
  7807 | D        | Identified the +9 halberd of Faon Fia {vorpal, Str+3 SInv}
                  | (Trog gifted it to you in the Dungeon)
  7807 | D        | Received a gift from Trog
  7808 | D        | Noticed an Orb Guardian
  7813 | D        | Killed an Orb Guardian
  7814 | D        | Reached skill level 27 in Dodging
  7814 | D        | Reached skill level 15 in Evocations
  7820 | D        | Killed an Orb Guardian
  7822 | D        | Noticed an Orb Guardian
  7827 | D        | Killed an Orb Guardian
  7827 | D        | Killed an Orb Guardian
  7829 | D        | Noticed an Orb Guardian
  7833 | D        | Killed an Orb Guardian
  7834 | D        | Killed an Orb Guardian
  7834 | D        | Received a gift from Trog
  7838 | D        | Killed an Orb Guardian
  7845 | D        | Killed an Orb Guardian
  8132 | D        | Noticed a tentacled monstrosity
  8132 | D        | Noticed an Orb Guardian
  8132 | D        | Noticed an Orb Guardian
  8136 | D        | Noticed an Orb Guardian
  8137 | D        | Killed a tentacled monstrosity
  8138 | D        | Killed an Orb Guardian
  8141 | D        | Killed an Orb Guardian
  8142 | D        | Received a gift from Trog
  8143 | D        | Killed an Orb Guardian
  8143 | D        | Noticed an Orb Guardian
  8153 | D        | Killed an Orb Guardian
  8250 | D        | Noticed an ancient lich
  8259 | D        | Killed an ancient lich
  8262 | D        | Noticed an orb of fire
  8269 | D        | Gained mutation: You have hidden genetic defects. [an orb
                  | of fire]
  8282 | D        | Killed an orb of fire
  8443 | D        | Lost mutation: You have hidden genetic defects. [potion of
                  | mutation]
  8443 | D        | Gained mutation: Your system is resistant to poisons.
                  | (rPois) [potion of mutation]
  8443 | D        | Gained mutation: You are resistant to electric shocks.
                  | (rElec) [potion of mutation]
  8443 | D        | Gained mutation: You are strong-willed. (Will+) [potion of
                  | mutation]
  8556 | D        | Noticed an electric golem
  8560 | D        | Killed an electric golem
  8563 | D        | Noticed a golden dragon
  8563 | D        | Noticed a Killer Klown
  8563 | D        | Noticed a tentacled monstrosity
  8569 | D        | Noticed an ancient lich
  8570 | D        | Killed a golden dragon
  8573 | D        | Killed a Killer Klown
  8574 | D        | Noticed an orb of fire
  8577 | D        | Noticed an electric golem
  8578 | D        | Received a gift from Trog
  8578 | D        | Noticed an electric golem
  8581 | D        | Killed an electric golem
  8586 | D        | Killed a tentacled monstrosity
  8592 | D        | Killed an ancient lich
  8599 | D        | Killed an orb of fire
  8607 | D        | Received a gift from Trog
  8620 | D        | Killed an electric golem
  8621 | D        | Reached XP level 19. HP: 76/189 MP: 19/19
  8650 | D        | Noticed an orb of fire
  8651 | D        | Noticed a golden dragon
  8652 | D        | Gained mutation: You sometimes lose the ability to read
                  | scrolls when taking damage. [an orb of fire]
  8928 | D        | Killed a golden dragon
  8947 | D        | Gained mutation: Your body sometimes deteriorates upon
                  | taking damage. [an orb of fire]
  8962 | D        | Killed an orb of fire
  9086 | D        | Received a gift from Trog
  9090 | D        | Reached skill level 5 in Long Blades
  9509 | D        | Received a gift from Trog
  9523 | D        | Reached skill level 27 in Throwing
  9866 | D        | Noticed an ancient lich
  9887 | D        | Received a gift from Trog
 10173 | D        | Reached skill level 10 in Long Blades
 10318 | D        | Received a gift from Trog
 10396 | D        | Killed an ancient lich
 10522 | D        | Noticed an ancient lich
 10531 | D        | Killed an ancient lich
 10531 | D        | Identified the +8 hand axe "Qerien" {flame, Will+ Str+6
                  | Dex-3} (Trog gifted it to you in the Dungeon)
 10531 | D        | Received a gift from Trog
 10725 | D        | Received a gift from Trog
 10761 | D        | Received a gift from Trog
 10780 | D        | Reached skill level 15 in Long Blades
 10820 | D        | Received a gift from Trog
 10825 | D        | Reached skill level 27 in Shields
 10846 | D        | Identified the +11 trident of Onkadgha {vorpal, rN+} (Trog
                  | gifted it to you in the Dungeon)
 10846 | D        | Received a gift from Trog
 10861 | D        | Got an elven rune of Zot
 10899 | D        | Received a gift from Trog
 10940 | D        | Noticed the Royal Jelly
 10989 | D        | Reached XP level 20. HP: 145/197 MP: 20/20
 11237 | D        | Killed the Royal Jelly
 11238 | D        | Reached skill level 10 in Stealth
 11345 | D        | Received a gift from Trog
 11389 | D        | Got a slimy rune of Zot
 11593 | D        | Received a gift from Trog
 11615 | D        | Received a gift from Trog
 11635 | D        | Identified the +7 demon blade of Morality {flame, rF+ rC+
                  | Str+4 Dex+4} (Trog gifted it to you in the Dungeon)
 11635 | D        | Received a gift from Trog
 11702 | D        | Received a gift from Trog
 11965 | D        | Noticed a royal mummy
 11971 | D        | Killed a royal mummy
 11976 | D        | Received a gift from Trog
 12305 | D        | Noticed a royal mummy
 12305 | D        | Noticed a royal mummy
 12305 | D        | Noticed a royal mummy
 12305 | D        | Noticed a royal mummy
 12306 | D        | Received a gift from Trog
 12308 | D        | Noticed a royal mummy
 12903 | D        | Killed a royal mummy
 12917 | D        | Killed a royal mummy
 13342 | D        | Killed a royal mummy
 13343 | D        | Reached skill level 27 in Long Blades
 13343 | D        | Reached skill level 15 in Stealth
 13348 | D        | Killed a royal mummy
 13348 | D        | Received a gift from Trog
 13356 | D        | Killed a royal mummy
 13356 | D        | HP: 8/197 [something (23)]
 13735 | D        | Reached skill level 27 in Armour
 13779 | D        | Noticed a royal mummy
 13793 | D        | Killed a royal mummy
 13826 | D        | Got a golden rune of Zot
 13839 | D        | Received a gift from Trog
 13861 | D        | Received a gift from Trog
 13862 | D        | Reached skill level 1 in Short Blades
 13872 | D        | Got an abyssal rune of Zot
 14066 | D        | Noticed Geryon
 14078 | D        | Killed Geryon
 14079 | D        | Reached skill level 1 in Bows
 14097 | D        | Noticed Lom Lobon
 14097 | D        | Found the +6 sword of Cerebov {flame}
 14097 | D        | Noticed Cerebov
 14101 | D        | Noticed Gloorx Vloq
 14765 | D        | Killed Lom Lobon
 14983 | D        | Noticed Mnoleg
 15001 | D        | Killed Cerebov
 15002 | D        | Reached skill level 27 in Evocations
 15006 | D        | HP: 4/197 [poisoned by Gloorx Vloq (dark miasma)]
 15006 | D        | Slain by Mnoleg

Illustrated notes

Levels and vault maps discovered:
D:        linesprint [early_d, line_temple, items_1, d_10, items_2, lair_1,
          lair_end, items_3, orc_1, orc_end, items_4, d_15, swamp_1, shoals_1,
          snake_1, spider_1, d_20, vaults_1, items_5, swamp_end, shoals_end,
          snake_end, spider_end, vaults_end, d_27, items_6, zot_1, zot_end,
          crypt_end, forest_end, elf_end, slime_end, tomb_end, abyss_end,
          pan_hell_end]

Skill      XL: |  1  2  3  4  5  6  7  8  9 10 11 12 13 14 15 16 17 18 19 20 |
---------------+-------------------------------------------------------------+-----
Polearms       | 5 7 9 10 12 13 16 18 20 22 25 27 | 27.0
Dodging        | 3 4 5 6 8 9 10 11 12 14 15 17 18 20 23 26 27 | 27.0
Fighting       | 4 5 6 7 9 10 11 13 14 16 18 20 24 27 | 27.0
Armour         | 2 3 4 5 6 7 9 10 12 16 20 22 24 25 27 | 27.0
Stealth        | 1 4 5 8 21 | 21.8
Evocations     | 3 7 14 19 22 27 | 27.0
Throwing       | 1 3 6 10 17 25 27 | 27.0
Shields        | 1 4 9 15 20 22 24 27 | 27.0
Long Blades    | 21 27 | 27.0
Short Blades   | 1 |  1.3
Bows           | 1 |  1.0
Axes           | |  0.7
Maces & Flails | |  0.8
Staves         | |  0.8
Slings         | |  0.9
Crossbows      | |  0.9
Unarmed Combat | |  0.6
Invocations    | |  0.6

Action                   |  1- 3 |  4- 6 |  7- 9 | 10-12 | 13-15 | 16-18 | 19-21 || total
-------------------------+-------+-------+-------+-------+-------+-------+-------++-------
Melee: Spear             |    28 |     6 |       |       |       |       |       ||    34
       Halberd           |       |    10 |    40 |    52 |       |       |       ||   102
       Glaive            |       |       |       |    26 |       |       |       ||    26
       Bardiche          |       |       |       |   151 |   428 |   487 |   109 ||  1175
       Demon trident     |       |       |       |       |       |       |   372 ||   372
       Double sword      |       |       |       |       |       |       |   269 ||   269
Throw: Javelin           |       |       |       |     2 |     8 |    70 |    15 ||    95
Invok: Berserk           |     1 |     2 |     2 |     9 |    13 |     9 |     7 ||    43
       Brothers in Arms  |       |       |     1 |     3 |     5 |     4 |     3 ||    16
       Trog's Hand       |       |       |       |       |     1 |     2 |     2 ||     5
Evoke: Wand              |       |       |       |     3 |       |       |       ||     3
       Horn of Geryon    |       |       |       |       |       |       |     1 ||     1
  Use: Potion            |       |       |     3 |     1 |     1 |     4 |    12 ||    21
       Scroll            |       |       |       |       |     4 |     4 |    22 ||    30
 Stab: Sleeping          |       |       |       |     1 |       |     3 |       ||     4
       Distracted        |       |       |       |       |       |     1 |       ||     1
Armor: Animal skin       |     3 |       |       |       |       |       |       ||     3
       Chain mail        |       |     5 |    39 |     8 |   123 |    54 |       ||   229
       Ring mail         |       |       |     3 |    31 |       |       |       ||    34
       Swamp dragon scal |       |       |       |       |       |    53 |       ||    53
       Gold dragon scale |       |       |       |       |       |       |   164 ||   164
Dodge: Dodged            |    16 |     2 |    25 |    80 |   250 |   336 |   147 ||   856
Block: Other             |       |       |       |     5 |    65 |    63 |     5 ||   138
       Reflection        |       |       |       |     4 |     4 |       |    15 ||    23
       Tower shield      |       |       |       |       |       |       |   558 ||   558

Table legend: (Time is in decaauts) A = Elapsed time spent in this place. B = Non-inter-level travel time spent in this place. C = Inter-level travel time spent in this place. D = Time resting spent in this place. E = Time spent auto-exploring this place. F = Levels seen in this place. G = Mean time per level. A B C D E F G +--------+--------+--------+--------+--------+-----+--------+ Total | 14599 | 14313 | 286 | 7012 | 2527 | 1 | 14599.0 | Dungeon | 14599 | 14313 | 286 | 7012 | 2527 | 1 | 14599.0 | +--------+--------+--------+--------+--------+-----+--------+

Top non-repeatable levels by time:
       D: 14599 daAuts
